 Dungeon Crawl Stone Soup version 0.28-a0-1286-g6bde065e89 (webtiles) character file.

Game seed: 9131117578958170957

169 torgal the Cutter (level 5, 0/42 HPs)
             Began as a Human Berserker on Dec 27, 2021.
             Was a Believer of Trog.
             Killed by divine providence
             ... invoked by an orc priest
              (12 damage)
             ... on level 3 of the Dungeon.
             The game lasted 00:11:05 (3533 turns).

torgal the Cutter (Human Berserker)                 Turns: 3533, Time: 00:11:06

Health: 0/42       AC: 10    Str: 19    XL:     5   Next: 79%
Magic:  5/5        EV:  7    Int:  8    God:    Trog [**....]
Gold:   31         SH:  3    Dex: 12    Spells: 4/4 levels left

rFire   . . .      SeeInvis .   a - +1 short sword
rCold   . . .      Faith    .   n - +0 buckler
rNeg    . . .      Spirit   .   b - +0 chain mail
rPois   .          Reflect  .   m - +0 helmet
rElec   .          Harm     .   (no cloak)
rCorr   .          Rampage  .   (no gloves)
Will    ++...                   (no boots)
Stlth   ..........              (no amulet)
HPRegen 1.14/turn               (no ring)
MPRegen 0.09/turn               (no ring)

@: strong-willed (expiring), on berserk cooldown, regenerating (expiring),
slowed, very slow
A: no striking features
a: Renounce Religion, Berserk, Trog's Hand


You were on level 3 of the Dungeon.
You worshipped Trog.
Trog was pleased with you.
You visited 1 branch of the dungeon, and saw 3 of its levels.

You collected 135 gold pieces.
You spent 104 gold pieces at shops.

Inventory:

Hand Weapons
 a - a +1 short sword (weapon)
 e - a +0 whip of holy wrath
 l - a +1 hunting sling of freezing
Missiles
 c - 82 stones (quivered)
 d - 19 bolts
 f - a boomerang of dispersal
Armour
 b - a +0 chain mail (worn)
 m - a +0 helmet (worn)
 n - a +0 buckler (worn)
Wands
 k - a wand of flame (20)
Scrolls
 h - a scroll of identify
 j - a scroll of fear
 p - a scroll of blinking
 q - a scroll of magic mapping {unknown}
 r - a scroll of teleportation
 s - a scroll of amnesia {unknown}
Potions
 g - a potion of attraction {unknown}
 i - a potion of haste {unknown}
 o - a potion of lignification {unknown}
 t - a potion of magic {unknown}
 u - a potion of flight {unknown}


   Skills:
 + Level 3.7 Fighting
 + Level 3.7(4.0) Short Blades
 + Level 2.0(3.1) Long Blades
 + Level 3.0 Armour
 + Level 2.9 Dodging
 + Level 0.4 Shields
 * Level 0.1 Evocations


You had 4 spell levels left.
You didn't know any spells.
Your spell library was empty.

Dungeon Overview and Level Annotations

Branches:
Dungeon (3/15)

Altars:
Dithmenos

Shops:
D:3 ?


Message History

You kill the orc!
Trog accepts your kill. The orc priest closely misses you.
The orc priest hits you with a +0 trident.
* * * LOW HITPOINT WARNING * * *
You closely miss the orc priest.
The orc priest hits you with a +0 trident.
* * * LOW HITPOINT WARNING * * *
You hit the orc priest but do no damage.
The orc priest hits you with a +0 trident.
* * * LOW HITPOINT WARNING * * *
The orc priest closely misses you.
The orc priest hits you from afar with a +0 trident.
* * * LOW HITPOINT WARNING * * *
Your skin crawls.
You feel strong-willed. You block the orc priest's attack.
The orc priest calls down the wrath of Beogh upon you.
You resist with almost no effort. The orc priest barely misses you.
Things that are here:
a +0 club; a +0 flail; an orc corpse You barely miss the orc priest.
The orc priest hits you with a +0 trident.
* * * LOW HITPOINT WARNING * * *
The orc priest mumbles some strange prayers to Beogh against you.
You resist with almost no effort.
You closely miss the orc priest. The orc priest misses you.
You hit the orc priest but do no damage.
You feel the effects of Trog's Hand fading.
The orc priest hits you with a +0 trident.
* * * LOW HITPOINT WARNING * * *
Your shield and chain mail prevent you from hitting the orc priest.
The orc priest hits you but does no damage.
The orc priest barely misses you.
You closely miss the orc priest. The orc priest barely misses you.
You hit the orc priest but do no damage.
The orc priest mumbles some strange prayers to Beogh against you.
Beogh smites you!
You die...

#.......#########
#.......#
#.......#
####+#### # #####
###.### #...#
.......
#...#####.......
#.......@)......
#....####o......
#.......#.......
#.......#.......
#.......########
#.......#
#.......#
####'#### #.#


You could see an orc priest.

Vanquished Creatures
  An orc wizard (D:3)
  Terence (D:2)
  Robin (D:2)
  An adder (D:2)
  3 worms
  2 dart slugs
  9 orcs (D:3)
  5 ball pythons
  5 endoplasms
  3 giant cockroaches
  12 goblins
  8 hobgoblins
  3 quokkas
  6 bats
  4 frilled lizards
  2 kobolds
  5 rats
71 creatures vanquished.

Notes
Turn   | Place    | Note
-------+----------+-------------------------------------------
     0 | D:1      | torgal the Human Berserker began the quest for the Orb.
     0 | D:1      | Reached XP level 1. HP: 18/18 MP: 1/1
   280 | D:1      | Reached XP level 2. HP: 16/24 MP: 2/2
   781 | D:1      | Found a faded altar of an unknown god.
   853 | D:1      | Reached XP level 3. HP: 12/29 MP: 3/3
  1659 | D:2      | Reached skill level 1 in Long Blades
  1745 | D:2      | Noticed Robin
  1751 | D:2      | Reached ** piety under Trog
  1761 | D:2      | Killed Robin
  1767 | D:2      | Reached XP level 4. HP: 35/35 MP: 4/4
  2064 | D:2      | Noticed Terence
  2075 | D:2      | Killed Terence
  2227 | D:2      | Reached XP level 5. HP: 38/41 MP: 5/5
  2322 | D:2      | Found a shadowy altar of Dithmenos.
  3125 | D:3      | Found Enoff's Magic Scroll Shop.
  3140 | D:3      | Bought a scroll of identify for 22 gold pieces
  3140 | D:3      | Bought a scroll of blinking for 82 gold pieces
  3533 | D:3      | Killed from afar by an orc priest

Illustrated notes

Levels and vault maps discovered:
D:1:      dpeg_arrival_circle_labyrinth_c, layout_basic,
          shapermc_ecumenical_altar_acropolis, st_stairs_7
D:2:      layout_loops_corners, basic_altar, hangedman_feature_mirror,
          uniq_robin, uniq_terence
D:3:      layout_basic, serial_shops, shop

Skill      XL: |  1  2  3  4  5 |
---------------+----------------+-----
Long Blades    | 1 2 |  2.0
Armour         | 3 |  3.0
Fighting       | |  3.7
Short Blades   | |  3.7
Dodging        | |  2.9
Shields        | |  0.4
Evocations     | |  0.1

Action                   |  1- 3 |  4- 6 || total
-------------------------+-------+-------++-------
Melee: Short sword       |   115 |   158 ||   273
 Fire: Hunting sling     |       |     1 ||     1
Invok: Berserk           |     1 |     3 ||     4
       Trog's Hand       |       |     1 ||     1
  Use: Potion            |     1 |       ||     1
       Scroll            |     1 |     4 ||     5
Armor: Animal skin       |    15 |       ||    15
       Scale mail        |    27 |    17 ||    44
       Chain mail        |       |    44 ||    44
Dodge: Dodged            |    55 |    60 ||   115
Block: Buckler           |       |    10 ||    10

Table legend: (Time is in decaauts)
 A = Elapsed time spent in this place.
 B = Non-inter-level travel time spent in this place.
 C = Inter-level travel time spent in this place.
 D = Time resting spent in this place.
 E = Time spent auto-exploring this place.
 F = Levels seen in this place.
 G = Mean time per level.
                   A        B        C        D        E       F      G
               +--------+--------+--------+--------+--------+-----+--------+
         Total |   3548 |   3486 |     62 |      0 |   2831 |   3 | 1182.7 |
       Dungeon |   3548 |   3486 |     62 |      0 |   2831 |   3 | 1182.7 |
               +--------+--------+--------+--------+--------+-----+--------+

Top non-repeatable levels by time:
     D:1: 1637 daAuts
     D:2: 1205 daAuts
     D:3: 705 daAuts
